 Dungeon Crawl Stone Soup version 0.31-a0-1237-gabc64e7 (webtiles) character file.

Game seed: 9489033145848491742

73 lunatic the Vexing (level 4, -2/24 HPs)
             Began as a Kobold Enchanter on Dec 15, 2023.
             Slain by Grinder (8 damage)
             ... on level 4 of the Dungeon.
             The game lasted 00:08:45 (1894 turns).

lunatic the Vexing (Kobold Enchanter)               Turns: 1894, Time: 00:08:45

Health: -2/24      AC:  4    Str:  5    XL:     4   Next: 51%
Magic:  7/7        EV: 15    Int: 18    God:
Gold:   129        SH:  0    Dex: 15    Spells: 2/7 levels left

rFire   . . .        a - +1 dagger
rCold   . . .        (no shield)
rNeg    . . .        b - +0 robe
rPois   .            c - +0 helmet
rElec   .            (no cloak)
rCorr   .            j - +0 pair of gloves
SInv    .            (no boots)
Will    .....        (no amulet)
Stlth   ++++         (no ring)
HPRegen 0.24/turn    (no ring)
MPRegen 0.10/turn

%: clarity
@: no status effects
A: small, no large weapons, nightstalker 3, clarity, MP-powered wands
a: no special abilities


You were on level 4 of the Dungeon.
You visited 1 branch of the dungeon, and saw 3 of its levels.

You collected 129 gold pieces.

Inventory:

Hand Weapons
 a - a +1 dagger (weapon)
Armour
 b - a +0 robe (worn)
 c - a +0 helmet (worn)
 j - a +0 pair of gloves (worn)
Scrolls
 d - 3 scrolls of identify
 f - 3 scrolls of teleportation {unknown}
 g - a scroll of noise
 h - a scroll of butterflies {unknown}
 i - a scroll of enchant armour {unknown}
 n - a scroll of brand weapon {unknown}
Potions
 e - a potion of lignification {unknown}
 k - a potion of mutation
 l - a potion of might {unknown}
 m - a potion of berserk rage {unknown}


   Skills:
 + Level 3.8 Short Blades
 - Level 2.4 Dodging
 - Level 4.0 Stealth
 - Level 2.1 Spellcasting
 + Level 4.1 Hexes


You had 2 spell levels left.
You knew the following spells:

 Your Spells              Type           Power      Damage    Failure   Level
a - Ensorcelled Hibernat  Hex/Ice        18%        N/A       12%         2
b - Tukima's Dance        Hex            16%        N/A       10%         3

Your spell library contained the following spells:

 Spells                   Type           Power      Damage    Failure   Level
 Sting                    Tmut/Pois      4%         1d3       19%         1
 Poisonous Vapours        Pois/Air       2%         N/A       26%         2
 Static Discharge         Conj/Air       2%         3-4/arc   26%         2
 Confusing Touch          Hex            16%        N/A       10%         3
 Dazzling Flash           Conj/Hex       18%        N/A       22%         3
 Airstrike                Air            0%         2d(1-17)  87%         4
 Olgreb's Toxic Radiance  Pois           1%         N/A       87%         4
 Summon Lightning Spire   Summ/Air       1%         N/A       87%         4
 Yara's Violent Unravell  Hex/Tmut       4%         3d4       91%         5
 Alistair's Intoxication  Tmut/Pois      0%         N/A       99%         5
 Starburst                Conj/Fire      0%         6d3       100%        6


Dungeon Overview and Level Annotations

Branches:
Dungeon (2/15)

Altars:

Shops:
D:4 =

Annotations:
D:4 Grinder


Innate Abilities, Weirdness & Mutations

You are small and have problems with some larger weapons.
You are completely attuned to the shadows.
You possess an exceptional clarity of mind.
You expend magic power (3 MP) to strengthen your wands.


Message History

The dart slug launches a dart at you. The slug dart hits you.
You hit the dart slug.
You kill the dart slug!
You see here a +0 sling.
Your magical contamination has completely faded away.
Grinder comes into view.
She is carrying a wand of flame.
Grinder shouts!
You hear a shout!
Grinder zaps a wand.
The puff of flame misses you.
You start waiting.
Grinder is nearby!
Grinder hits you!
You writhe in agony.
Casting: Ensorcelled Hibernation (safe; 12% risk of failure)
Confirm with . or Enter, or press ? or * to list all spells.
You can't see any susceptible monsters within range! (Use Z to cast anyway.)
Casting: Ensorcelled Hibernation (safe; 12% risk of failure)
Confirm with . or Enter, or press ? or * to list all spells.
You don't know that spell.
Casting: Ensorcelled Hibernation (safe; 12% risk of failure)
Confirm with . or Enter, or press ? or * to list all spells.
You don't know that spell.
Casting: Ensorcelled Hibernation (safe; 12% risk of failure)
Confirm with . or Enter, or press ? or * to list all spells.
Aiming: Tukima's Dance (quite dangerous; 10% risk of failure)
Press: ? - help, Shift-Dir - straight line, f - Grinder
Aim: Grinder, carrying a wand of flame (not susceptible)
Okay, then.
Unknown command.
It was a potion of mutation.
You feel extremely strange.
You feel your magical essence link to the dungeon's wands.
Your thoughts seem clearer.
Grinder hits you.
You writhe in agony.
* * * LOW HITPOINT WARNING * * *
You aren't carrying any items that you can evoke.
As you read the scroll labelled ACLICLO DAUL, it crumbles to dust.
It is a scroll of identify.
g - a scroll of noise Grinder hits you!
You die...
Grinder says, "Now the real fun starts!"

.#########
.....5....
.####@####
#......
#.####^
###.#
#...#
#.#.#
##...#
#....#
#....#


You could see Grinder.

Vanquished Creatures
  An adder (D:2)
  3 dart slugs
  5 ball pythons
  3 endoplasms
  3 giant cockroaches
  6 hobgoblins
  4 jackals (D:1)
  9 kobolds
  2 quokkas
  9 bats
  4 frilled lizards
  3 goblins
  4 rats
56 creatures vanquished.

Notes
Turn   | Place    | Note
-------+----------+-------------------------------------------
     0 | D:1      | lunatic the Kobold Enchanter began the quest for the Orb.
     0 | D:1      | Reached XP level 1. HP: 10/10 MP: 3/3
   119 | D:2      | Reached XP level 2. HP: 12/15 MP: 5/5
   125 | D:2      | Learned a level 2 spell: Ensorcelled Hibernation
   483 | D:1      | Reached XP level 3. HP: 18/19 MP: 1/6
  1144 | D:1      | Got the Tome of Glowing Teratogeny
  1261 | D:2      | Reached XP level 4. HP: 19/24 MP: 2/7
  1678 | D:2      | Learned a level 3 spell: Tukima's Dance
  1747 | D:2      | You fall into a shaft and drop 2 floors!
  1756 | D:4      | Found Zasoz's Jewellery Boutique.
  1886 | D:4      | Noticed Grinder
  1893 | D:4      | Gained mutation: You expend magic power (3 MP) to
                  | strengthen your wands. [potion of mutation]
  1893 | D:4      | Gained mutation: You possess an exceptional clarity of
                  | mind. [potion of mutation]
  1894 | D:4      | Slain by Grinder

Illustrated notes

Levels and vault maps discovered:
D:1:      minmay_arrival_pointy, layout_rooms
D:2:      layout_basic, minmay_octomino_c4
D:4:      layout_gridville, lemuel_tele_altar, serial_shops, shop, shop, shop,
          nicolae_shop_back_alley_shop, uniq_grinder, uniq_edmund, uniq_duvessa

Skill      XL: |  1  2  3  4 |
---------------+-------------+-----
Short Blades   | 2 3 |  3.8
Hexes          | 4 |  4.1
Dodging        | |  2.4
Stealth        | |  4.0
Spellcasting   | |  2.1

Action                     |  1- 3 |  4- 6 || total
---------------------------+-------+-------++-------
  Melee: Dagger            |   120 |    40 ||   160
         Punch             |       |     1 ||     1
   Cast: Ensorcelled Hiber |    19 |     8 ||    27
    Use: Potion            |     2 |     1 ||     3
         Scroll            |       |     1 ||     1
   Stab: Sleeping          |    23 |     8 ||    31
 Armour: Robe              |    65 |    19 ||    84
  Dodge: Dodged            |   122 |    25 ||   147

Table legend: (Time is in decaauts)
 A = Elapsed time spent in this place.
 B = Non-inter-level travel time spent in this place.
 C = Inter-level travel time spent in this place.
 D = Time resting spent in this place.
 E = Time spent auto-exploring this place.
 F = Levels seen in this place.
 G = Mean time per level.
                   A        B        C        D        E       F      G
               +--------+--------+--------+--------+--------+-----+--------+
         Total |   1872 |   1854 |     18 |     66 |   1297 |   3 |  624.0 |
       Dungeon |   1872 |   1854 |     18 |     66 |   1297 |   3 |  624.0 |
               +--------+--------+--------+--------+--------+-----+--------+

Top non-repeatable levels by time:
     D:1: 942 daAuts
     D:2: 786 daAuts
     D:4: 144 daAuts
